Map: 死亡光环-天梯版

Players

iGXiGua (XiGua)

  • Race: Zerg Zerg

JieShi - Winner!

  • Race: Protoss Protoss
  • League: Master

Event: DreamHack SC2 Masters 2020 Fall

VOD

Have the link to the VOD?

Description

Time

  • Played on: Sept. 5, 2020, 8:01 a.m.
  • Length: 19:36

All games in this series

Show
View Real Time Build Order
Export as new Build Order

iGXiGua Zerg 

Build Orders: Hatch First 

Get SALT Encoding   

  12  0:00  Drone  
  13  0:12  Overlord  
  13  0:16  Drone  
  14  0:30  Drone x2  
  16  0:39  Drone  
  17  0:51  Hatchery  
  17  0:54  Drone  
  17  0:57  Drone  
  17  0:59  Extractor  
  17  1:06  Drone  
  18  1:17  Spawning Pool  
  17  1:21  Drone  
  18  1:28  Drone  
  19  1:38  Overlord  
  19  1:50  Drone  
  20  2:03  Queen x2  
  20  2:04  Zergling x4  
  20  2:08  Metabolic Boost  
  26  2:13  Drone  
  26  2:14  Drone  
  28  2:21  Zergling x2  
  29  2:24  Drone  
  30  2:37  Hatchery  
  29  2:39  Drone  
  30  2:49  Queen  
  30  2:50  Overlord  
  32  2:53  Drone  
  32  2:55  Drone  
  32  2:58  Drone  
  34  3:04  Spore Crawler  
  32  3:06  Spore Crawler  
  33  3:14  Drone x6  
  33  3:18  Drone  
  40  3:21  Spore Crawler  
  40  3:22  Drone  
  40  3:29  Queen  
  40  3:34  Overlord  
  42  3:37  Overlord  
  42  3:39  Drone  
  43  3:45  Spore Crawler  
  43  3:47  Drone x2  
  44  3:51  Queen  
  44  3:53  Drone  
  47  3:58  Drone  
  47  4:02  Drone  
  49  4:03  Overlord  
  49  4:05  Zergling x6  
  52  4:14  Drone  
  52  4:15  Drone x5  
  57  4:21  Drone x4  
  60  4:27  Overlord  
  60  4:31  Overlord  
  60  4:36  Baneling Nest  
  60  4:38  Roach Warren  
  58  4:39  Drone x2  
  58  4:41  Drone  
  58  4:43  Drone x2  
  63  4:48  Drone  
  63  4:49  Drone x2  
  66  4:54  Drone x3  
  66  4:55  Lair  
  66  4:57  Extractor  
  66  4:59  Drone x3  
  71  5:05  Extractor  
  71  5:06  Drone x4, Extractor  
  73  5:13  Pneumatized Carapace  
  73  5:14  Drone x5  
  73  5:18  Queen  
  80  5:21  Extractor  
  80  5:22  Extractor  
  80  5:26  Hatchery  
  76  5:30  Drone  
  76  5:32  Drone x5  
  76  5:33  Zergling x4  
  76  5:35  Overlord  
  84  5:38  Overlord  
  84  5:39  Overlord  
  84  5:44  Overlord  
  84  5:46  Evolution Chamber  
  84  5:47  Overlord  
  83  5:51  Overlord, Spore Crawler  
  83  5:55  Spire, Overseer  
  81  6:00  Zergling x8  
  85  6:07  Drone  
  85  6:08  Queen  
  85  6:10  Zergling x2  
  85  6:11  Zergling x8  
  93  6:17  Zergling x8, Spore Crawler  
  97  6:25  Baneling x4  
  97  6:28  Overlord x2  
  96  6:32  Overlord  
  96  6:36  Hatchery  
  95  6:50  Drone x10  
  105  6:58  Overlord  
  105  6:59  Overlord  
  102  7:05  Overlord  
  102  7:06  Overlord  
  102  7:08  Zerg Flyer Weapons Level 1  
  100  7:14  Corruptor x5  
  110  7:25  Corruptor x3  
  116  7:31  Centrifical Hooks, Zerg Melee Weapons Level 1  
  116  7:34  Infestation Pit, Corruptor  
  116  7:35  Hatchery  
  116  7:40  Corruptor  
  116  7:41  Corruptor  
  119  7:49  Corruptor x2  
  123  7:55  Corruptor  
  124  7:59  Drone  
  124  8:00  Drone x6  
  124  8:01  Extractor x2  
  124  8:05  Drone x4  
  130  8:06  Drone  
  130  8:11  Hive  
  131  8:14  Corruptor  
  133  8:30  Corruptor x3  
  133  8:31  Zergling x2  
  133  8:32  Zergling x6  
  133  8:34  Overlord x2  
  143  8:36  Overlord x2  
  143  8:39  Overlord  
  143  8:44  Overlord  
  142  8:50  Corruptor x3  
  148  8:56  Corruptor x2  
  152  9:04  Corruptor  
  152  9:05  Corruptor x2  
  152  9:09  Baneling x3  
  158  9:10  Baneling  
  157  9:17  Corruptor x2  
  161  9:25  Drone x3  
  161  9:27  Extractor x2  
  161  9:28  Viper  
  165  9:40  Hatchery  
  165  9:41  Adrenal Glands  
  164  9:52  Zergling x32  
  180  9:53  Ultralisk Cavern  
  180  9:57  Zergling x22  
  188  10:00  Viper  
  188  10:06  Zerg Melee Weapons Level 2, Overlord x2  
  188  10:11  Overlord  
  187  10:14  Zerg Flyer Weapons Level 2  
  187  10:18  Overlord x2  
  186  10:25  Corruptor x3  
  190  10:34  Zergling x26  
  199  10:39  Spine Crawler  
  199  10:40  Spine Crawler  
  199  10:41  Drone, Spine Crawler  
  197  10:43  Chitinous Plating  
  197  10:46  Drone x2  
  197  10:48  Drone  
  190  11:00  Spine Crawler  
  190  11:01  Spine Crawler  
  190  11:04  Spine Crawler  
  187  11:06  Spine Crawler  
  187  11:07  Ultralisk  
  180  11:12  Drone x8  
  176  11:20  Zergling x12  
  178  11:32  Ultralisk  
  180  11:45  Ultralisk  
  182  11:57  Ultralisk x2  
  192  12:02  Anabolic Synthesis  
  192  12:07  Viper x3  
  198  12:19  Drone  
  199  12:23  Baneling x12  
  199  12:25  Zerg Ground Armor Level 1  
  199  12:33  Hatchery  
  199  12:36  Evolution Chamber x2  
  196  12:38  Evolution Chamber  
  187  12:50  Ultralisk  
  187  12:51  Ultralisk  
  193  13:03  Corruptor x7  
  193  13:04  Corruptor  
  166  13:16  Ultralisk  
  159  13:38  Hatchery  
  158  13:43  Burrow, Drone x2  
  158  13:44  Drone x2  
  162  13:52  Drone x4  
  162  13:53  Drone  
  167  13:57  Hatchery  
  167  14:01  Drone x3  
  169  14:13  Overseer x3  
  169  14:15  Drone x3  
  169  14:16  Drone x3  
  169  14:26  Drone x4  
  169  14:37  Swarm Host  
  169  14:38  Drone x3  
  173  14:50  Corruptor x2  
  175  14:58  Spawning Pool  
  174  15:06  Drone x6  
  149  15:31  Corruptor x4  
  127  15:36  Zergling x8  
  107  15:43  Spore Crawler  
  107  15:45  Corruptor x2  
  111  15:50  Drone x2  
  112  16:01  Corruptor  
  112  16:02  Corruptor  
  113  16:18  Corruptor x3  
  115  16:30  Drone x9  
  122  16:35  Drone  
  113  16:41  Viper x3  
  120  16:51  Corruptor x2  
  120  17:16  Drone x2  
  120  17:17  Drone x8  
  120  17:19  Drone x2  
  120  17:20  Hatchery  
  125  17:23  Drone x2  
  125  17:26  Drone  
  128  17:32  Drone  
  129  17:37  Drone x2  
  129  17:42  Drone x7  
  138  17:48  Queen  
  138  17:50  Overseer x3  
  140  18:04  Corruptor  
  142  18:08  Corruptor  
  144  18:16  Overseer x2  
  144  18:18  Corruptor x2  
  148  18:27  Corruptor x2  
  148  18:31  Corruptor  
  148  18:32  Corruptor  
  147  18:44  Drone x6  
  153  18:49  Corruptor x2  
Show
View Real Time Build Order
Export as new Build Order

JieShi Protoss - Winner!

Build Orders: 1 Gate Expand, Oracle Opening, Carriers 

Get SALT Encoding   

  12  0:00  Probe  
  13  0:12  Probe  
  14  0:17  Pylon  
  14  0:24  Probe (Chrono Boost)  
  15  0:36  Probe (Chrono Boost)  
  15  0:39  Gateway  
  16  0:45  Probe (Chrono Boost)  
  16  0:49  Assimilator  
  17  0:51  Probe  
  18  1:03  Probe  
  19  1:15  Probe  
  20  1:26  Nexus  
  20  1:35  Cybernetics Core  
  20  1:38  Probe  
  21  1:44  Assimilator  
  21  1:50  Probe  
  21  1:53  Pylon  
  22  2:02  Probe  
  23  2:09  Adept (Chrono Boost)  
  23  2:14  Probe  
  26  2:19  Stargate  
  26  2:26  Probe  
  26  2:28  Warp Gate  
  27  2:33  Adept  
  29  2:37  Probe (Chrono Boost)  
  29  2:44  Probe (Chrono Boost)  
  31  2:48  Probe (Chrono Boost)  
  33  2:52  Probe (Chrono Boost)  
  33  2:53  Probe (Chrono Boost)  
  33  3:03  Probe  
  33  3:04  Probe  
  35  3:06  Oracle (Chrono Boost)  
  38  3:15  Probe  
  38  3:16  Probe  
  40  3:27  Pylon, Void Ray (Chrono Boost), Probe  
  40  3:28  Probe  
  46  3:45  Probe x2  
  48  3:52  Nexus, Pylon  
  48  3:57  Probe x2  
  48  3:58  Void Ray  
  48  4:00  Assimilator  
  48  4:02  Assimilator  
  54  4:10  Probe x2  
  56  4:22  Probe x2  
  58  4:28  Shield Battery  
  58  4:30  Gateway x2  
  58  4:34  Probe  
  58  4:36  Stargate  
  59  4:38  Probe  
  60  4:46  Probe  
  60  4:47  Pylon  
  60  4:51  Probe  
  62  5:02  Void Ray (Chrono Boost)  
  62  5:03  Probe x2  
  64  5:10  Stargate  
  64  5:13  Void Ray (Chrono Boost)  
  68  5:14  Probe (Chrono Boost)  
  68  5:17  Forge  
  71  5:21  Probe x2 (Chrono Boost)  
  71  5:24  Probe (Chrono Boost)  
  71  5:25  Forge  
  78  5:29  Probe x3 (Chrono Boost)  
  79  5:39  Phoenix  
  79  5:40  Probe x2  
  79  5:41  Probe  
  84  5:49  Assimilator  
  84  5:51  Assimilator  
  84  5:52  Probe  
  84  5:56  Photon Cannon  
  85  5:57  Pylon  
  85  5:58  Pylon  
  85  6:00  Pylon  
  85  6:15  Phoenix x2, Probe x3  
  85  6:16  Phoenix  
  85  6:17  Pylon  
  94  6:27  Probe x3  
  97  6:37  Protoss Ground Weapons Level 1 (Chrono Boost)  
  97  6:39  Probe  
  98  6:40  Phoenix x3  
  98  6:42  Photon Cannon  
  98  6:45  Pylon  
  104  6:50  Zealot, Sentry  
  104  6:51  Zealot  
  108  7:01  Photon Cannon  
  108  7:02  Shield Battery  
  108  7:05  Pylon  
  114  7:08  Void Ray  
  114  7:09  Void Ray  
  114  7:11  Void Ray  
  118  7:15  Pylon  
  120  7:27  Gateway x2  
  120  7:30  Gateway  
  120  7:36  Twilight Council  
  120  7:37  Zealot x3  
  120  7:40  Gateway, Probe  
  127  7:44  Void Ray x2  
  127  7:45  Protoss Air Weapons Level 1 (Chrono Boost)  
  127  7:46  Void Ray  
  138  8:04  Probe x2  
  138  8:05  Probe  
  129  8:09  Photon Cannon  
  129  8:10  Photon Cannon, Charge (Chrono Boost)  
  129  8:12  Photon Cannon  
  129  8:13  Shield Battery, Void Ray x2  
  129  8:14  Pylon  
  129  8:16  Probe (Chrono Boost)  
  129  8:17  Templar Archives  
  132  8:20  Void Ray  
  132  8:25  Probe (Chrono Boost)  
  132  8:26  Probe (Chrono Boost)  
  131  8:27  Probe (Chrono Boost)  
  131  8:32  Probe (Chrono Boost)  
  143  8:54  Nexus, Probe  
  143  8:55  Pylon, Probe x2  
  146  8:58  Pylon  
  146  9:00  Pylon  
  146  9:02  Fleet Beacon  
  146  9:04  Pylon  
  146  9:07  Void Ray (Chrono Boost)  
  146  9:12  Void Ray (Chrono Boost)  
  146  9:15  Pylon  
  154  9:22  Templar Archives, Shield Battery  
  154  9:23  Shield Battery  
  154  9:24  Shield Battery  
  154  9:31  Probe, Photon Cannon  
  154  9:32  Probe x2  
  154  9:33  Photon Cannon  
  154  9:37  Shield Battery, Void Ray (Chrono Boost)  
  159  9:46  Void Ray (Chrono Boost)  
  158  10:00  Unknown  
  158  10:04  Zealot  
  158  10:05  Zealot x6  
  170  10:13  Mothership (Chrono Boost)  
  178  10:22  Psionic Storm  
  178  10:25  Protoss Air Weapons Level 2 (Chrono Boost)  
  178  10:27  Zealot x2  
  178  10:28  Zealot x3  
  186  10:36  Zealot  
  186  10:37  Assimilator  
  186  10:38  Probe x3  
  186  10:41  Assimilator  
  191  10:44  High Templar  
  187  10:51  High Templar  
  187  10:53  Zealot x4  
  191  11:12  High Templar  
  191  11:13  High Templar  
  191  11:17  High Templar  
  189  11:23  Probe x3 (Chrono Boost)  
  182  11:26  Zealot x4  
  182  11:30  Carrier (Chrono Boost)  
  196  11:33  Nexus  
  196  11:34  Pylon  
  196  11:36  Pylon  
  196  11:38  Carrier (Chrono Boost)  
  189  11:55  Probe x3 (Chrono Boost)  
  189  11:56  Zealot, High Templar x2  
  189  11:57  Zealot x3  
  193  12:07  Mothership (Chrono Boost)  
  185  12:12  Zealot  
  185  12:15  Photon Cannon  
  195  12:17  Photon Cannon  
  195  12:18  Shield Battery  
  195  12:20  Photon Cannon  
  195  12:30  Archon  
  195  12:34  Oracle  
  195  12:37  Zealot  
  200  12:54  Zealot  
  159  13:13  Carrier (Chrono Boost)  
  159  13:14  Carrier (Chrono Boost)  
  159  13:15  Zealot  
  159  13:16  Zealot x6  
  183  13:26  Carrier (Chrono Boost)  
  149  13:37  High Templar x2  
  149  13:40  Zealot x3, High Templar x2  
  163  13:46  Nexus  
  163  13:47  Protoss Air Armor Level 1 (Chrono Boost), Pylon  
  161  13:50  Pylon  
  161  13:56  Stargate  
  161  13:58  Stargate  
  161  14:06  Void Ray (Chrono Boost)  
  161  14:08  Carrier (Chrono Boost)  
  163  14:23  Carrier  
  169  14:29  High Templar  
  169  14:30  High Templar  
  173  14:31  Nexus  
  173  14:33  Pylon  
  173  14:34  Void Ray  
  173  14:35  Pylon  
  165  14:40  Shield Battery, Void Ray  
  161  14:54  Archon  
  161  14:55  High Templar  
  162  15:01  Zealot x5  
  164  15:09  Void Ray x2  
  164  15:10  Zealot  
  164  15:12  Void Ray  
  158  15:29  Void Ray  
  158  15:30  High Templar x3  
  158  15:31  Zealot x3  
  158  15:32  Zealot  
  146  15:48  Shield Battery  
  146  15:49  Photon Cannon  
  146  15:51  Photon Cannon  
  146  15:52  Photon Cannon  
  146  15:53  Zealot, Void Ray  
  146  15:54  Zealot x3  
  154  16:00  Nexus, Carrier  
  154  16:01  Void Ray  
  154  16:02  Pylon  
  154  16:11  Void Ray  
  159  16:21  Shield Battery  
  159  16:23  Photon Cannon  
  159  16:24  Shield Battery  
  154  16:35  Zealot x2  
  154  16:36  Zealot x2  
  154  16:37  Zealot  
  156  16:46  High Templar x2  
  158  16:56  Carrier  
  164  17:03  High Templar  
  166  17:16  Oracle  
  166  17:17  Zealot  
  166  17:18  Zealot  
  166  17:20  Assimilator  
  166  17:22  Assimilator  
  165  17:26  Shield Battery  
  163  17:31  Mothership (Chrono Boost)  
  163  17:32  Pylon  
  171  17:44  High Templar  
  171  17:50  Zealot x4  
  171  17:51  Zealot x2  
  185  17:58  Void Ray x2  
  185  18:00  Void Ray  
  193  18:16  High Templar  
  193  18:17  Zealot x3, High Templar  
  200  18:27  Nexus  
  200  18:30  Pylon  
  188  18:48  Photon Cannon  
  188  18:49  Shield Battery  
  178  19:23  Zealot  
  180  19:24  Zealot  

Tags
 
Add a new tag
Caveats
  • Supply blocks, unpowered buildings, or Contaminate may cause inaccurate times.
  • Supply counts are checked every 10 seconds.